 Dungeon Crawl Stone Soup version 0.27.1-34-g3ba077fa99 (webtiles) character file.

Game seed: 11529503353580965722

11 cbfl8 the Sneak (level 2, -6/27 HPs)
             Began as a Minotaur Delver on Jan 24, 2022.
             Killed by divine providence
             ... invoked by an orc priest
              (13 damage)
             ... on level 4 of the Dungeon.
             The game lasted 00:00:18 (91 turns).

cbfl8 the Sneak (Minotaur Delver)                     Turns: 91, Time: 00:00:19

Health: -6/27      AC:  5    Str: 16    XL:     2   Next: 13%
Magic:  1/1        EV: 11    Int:  7    God:
Gold:   5          SH:  0    Dex: 11    Spells: 1/1 levels left

rFire    . . .     SeeInvis .   a - +0 hand axe
rCold    . . .     Faith    .   (no shield)
rNeg     . . .     Spirit   .   i - +0 ring mail
rPois    .         Reflect  .   (helmet restricted)
rElec    .         Harm     .   (no cloak)
rCorr    .         Rampage  .   (no gloves)
Will     .....                  (no boots)
Stlth    ++........             (no amulet)
HPRegen  0.09/turn              (no ring)
MPRegen  0.07/turn              (no ring)

@: no status effects
A: horns 2, retaliatory headbutt
a: no special abilities


You were on level 4 of the Dungeon.
You visited 1 branch of the dungeon, and saw 2 of its levels.

You collected 5 gold pieces.

Inventory:

Hand Weapons
 a - a +0 hand axe (weapon)
Armour
 b - a +0 leather armour
 i - a +0 ring mail (worn)
Wands
 g - a wand of digging (3)
Scrolls
 c - a scroll of fog
 d - a scroll of magic mapping
 e - a scroll of fear
 h - a scroll of enchant weapon {unknown}
 j - a scroll of enchant armour {unknown}
Potions
 f - a potion of haste


   Skills:
 + Level 3.9 Fighting
 + Level 2.4 Axes
 + Level 2.2 Dodging
 + Level 4.4 Stealth


You had one spell level left.
You didn't know any spells.
Your spell library was empty.

Dungeon Overview and Level Annotations

Branches:
Dungeon (5/15)
 Temple: D:4-7

Altars:
Ashenzari


Innate Abilities, Weirdness & Mutations

You have a pair of horns on your head.
You reflexively headbutt those who attack you in melee.


Message History

You closely miss the orc. The orc barely misses you.
You hit the orc but do no damage.
The orc priest casts a cantrip, but nothing happens.
The orc hits you but does no damage.
You slash the orc!
You kill the orc!
The orc priest looks encouraged for a moment.
You have reached level 2!
You hit the orc.
The orc is heavily wounded.
The orc closely misses you.
You slash the orc!
You kill the orc!
The orc priest closely misses you.
Unknown command.
You hit the orc priest.
The orc priest is moderately wounded.
The orc priest hits you with a +0 flail!
Unknown command.
You hit the orc priest but do no damage.
The orc priest is moderately wounded.
The orc priest hits you with a +0 flail.
The orc priest calls upon Beogh to heal the orc priest.
The orc priest's wounds heal themselves!
Unknown command.
You closely miss the orc priest.
The orc priest mumbles some strange prayers to Beogh against you.
Pain shoots through your body!
* * * LOW HITPOINT WARNING * * *
Unknown command.
You hit the orc priest.
The orc priest is lightly wounded.
The orc priest mumbles some strange prayers to Beogh against you.
Pain shoots through your body!
* * * LOW HITPOINT WARNING * * *
You slash the orc priest! Your headbutt misses the orc priest.
The orc priest is heavily wounded.
The orc priest mumbles some strange prayers to Beogh against you.
Beogh smites you!
You die...

.....# #.. ######
#.# # #####.#####
# #.. ... ..# #
#.# #.# #.# #
#.###.###.# #
###.##...##.### #
#......_......# #
#.#.##...##.#@#
####.#.###.###.#o#
.....#.# #.# #.#o#
######.. ... ..#.#
#####.#####.# #..
..# #.. ..# ..+


You could see 2 orc priests.

Vanquished Creatures
  An adder skeleton (D:4)
  3 orcs (D:4)
  A kobold (D:4)
5 creatures vanquished.

Notes
Turn   | Place    | Note
-------+----------+-------------------------------------------
     0 | D:5      | cbfl8 the Minotaur Delver began the quest for the Orb.
     0 | D:5      | Reached XP level 1. HP: 19/19 MP: 0/0
    65 | D:4      | Found a broken altar of Ashenzari.
    79 | D:4      | Noticed an orc priest
    81 | D:4      | Noticed an orc priest
    85 | D:4      | Reached XP level 2. HP: 27/27 MP: 1/1
    91 | D:4      | Killed from afar by an orc priest

Illustrated notes

Levels and vault maps discovered:
D:4:      layout_basic, nicolae_overflow_crystal_walls, fedhas_altar_1,
          minmay_ruptured, uniq_grinder, uniq_sigmund
D:5:      layout_loops_ring, marbit_many_paths,
          minmay_temple_entry_statues_pillars, nicolae_inconvenience_store

Action                   || total
-------------------------++-------
Melee: Hand axe          ||    17
       Headbutt          ||     3
Armor: Ring mail         ||     3
       Leather armour    ||     2
Dodge: Dodged            ||     7
